 Dungeon Crawl Stone Soup version 0.32-a0-876-gcfddb08 (webtiles) character file.

Game seed: 6776933590699931139

264821 korenl137 the Stormcaller (level 19, -3/103 HPs)
             Began as a Tengu Air Elementalist on Apr 1, 2024.
             Was the Champion of Vehumet.
             Slain by a +3 dire flail of holy wrath (35 damage)
             ... on level 1 of the Elven Halls.
             The game lasted 02:07:36 (48727 turns).

korenl137 the Stormcaller (Tengu Air Elementalist) Turns: 48727, Time: 02:07:36

Health: -3/103     AC:  9    Str:  8    XL:     19   Next: 76%
Magic:  31/40      EV: 43    Int: 26    God:    Vehumet [******]
Gold:   2717       SH:  5    Dex: 16    Spells: 4/50 levels left

rFire   + . .        b - staff of alchemy
rCold   + . .        W - +0 buckler
rNeg    . . .        G - +2 robe {Will+}
rPois   +            J - +2 hat
rElec   .            d - scarf {rC+ rF+}
rCorr   .            l - +2 pair of gloves
SInv    .            (boots unavailable)
Will    ++...        S - amulet of magic regeneration
Stlth   ++++         I - ring of Imuneoc {Fly Int+3}
HPRegen 0.37/turn    L - +5 ring of evasion
MPRegen 0.67/turn

%: acrobat
@: acrobatic, flying, very slightly contaminated
A: beak, talons 3, evasive flight, acrobatic
}: 2/15 runes: serpentine, barnacled
a: Renounce Religion


You were on level 1 of the Elven Halls.
You worshipped Vehumet.
Vehumet was exalted by your worship.
You visited 7 branches of the dungeon, and saw 34 of its levels.

You collected 3198 gold pieces.
You spent 481 gold pieces at shops.

Inventory:

Hand Weapons
 a - the +7 short sword of Gluttony {heavy, Dex+4}
   (You found it on level 11 of the Dungeon)

   Dex+4:     It affects your dexterity (+4).
Missiles
 v - 5 darts of dispersal
 C - a curare-tipped dart
 Z - 11 throwing nets {!f}
Armour
 d - a scarf of resistance (worn)
 i - a +3 troll leather armour
 k - a +2 tower shield of protection
 l - a +2 pair of gloves (worn)
 y - the +1 cloak "Lyenny" {Will+ Int+5}
   (You bought it in a shop on level 2 of the Orcish Mines)

   Int+5:     It affects your intelligence (+5).
   Will+:     It increases your willpower.
 G - a +2 robe of willpower (worn)
 J - a +2 hat (worn)
 N - the +0 robe of Gluttony {Harm rCorr}
   (You found it on level 11 of the Dungeon)

   rCorr:     It protects you from acid and corrosion.
   Harm:      It increases damage dealt and taken.
 R - the +4 ring mail of Optimism {rC+ Int+5}
   (You found it on level 3 of the Snake Pit)

   Int+5:     It affects your intelligence (+5).
   rC+:       It protects you from cold.
 W - a +0 buckler (worn)
Magical Staves
 b - a staff of alchemy (weapon)
 A - a staff of death
Jewellery
 p - a ring of poison resistance
 t - an amulet of regeneration
 I - the ring of Imuneoc (left hand) {Fly Int+3}
   (You took it off an orc warrior on level 11 of the Dungeon)

   [ring of flight]

   Int+3:     It affects your intelligence (+3).
   Fly:       It grants you flight.
 L - a +5 ring of evasion (right hand)
 S - an amulet of magic regeneration (around neck)
Wands
 f - a wand of polymorph (6)
 h - a wand of mindburst (15)
 E - a wand of charming (16)
Scrolls
 e - 3 scrolls of fear
 g - 6 scrolls of silence
 j - a scroll of poison {unknown}
 m - 4 scrolls of enchant armour
 o - 4 scrolls of immolation
 u - 3 scrolls of vulnerability
 B - 3 scrolls of blinking {!r}
 F - 2 scrolls of amnesia
 M - 2 scrolls of revelation
 T - 6 scrolls of teleportation {!r}
 U - a scroll of brand weapon {unknown}
 X - 3 scrolls of fog
Potions
 c - 4 potions of lignification
 n - 2 potions of ambrosia
 q - 7 potions of mutation {!q}
 r - a potion of invisibility {unknown}
 s - a potion of heal wounds {!q}
 w - a potion of enlightenment
 x - 2 potions of brilliance
 z - a potion of magic
 H - 2 potions of haste
 O - 4 potions of might
 P - 3 potions of cancellation
 Q - a potion of curing
 V - a potion of berserk rage {unknown}
Miscellaneous
 K - a phantom mirror (inert)
 Y - a tin of tremorstones (inert)


   Skills:
 - Level 6.0 Fighting
 - Level 7.0 Armour
 * Level 14.5 Dodging
 - Level 7.0 Stealth
 - Level 3.0 Shields
 * Level 16.4 Spellcasting
 + Level 15.3 Conjurations
 + Level 8.9 Summonings
 - Level 5.0 Necromancy
 - Level 5.0 Translocations
 * Level 12.7 Fire Magic
 - Level 7.0 Ice Magic
 + Level 19.5 Air Magic
 + Level 4.3 Alchemy


You had 4 spell levels left.
You knew the following spells:

 Your Spells              Type           Power      Damage    Failure   Level
a - Shock                 Conj/Air       100%       1d9       0%          1
c - Airstrike             Air            44%        2d(7-23)  0%          4
d - Arcjolt               Conj/Air       42%        1d52      1%          5
e - Fireball              Conj/Fire      38%        3d16      1%          5
f - Spellforged Servitor  Conj/Summ      35%        N/A       5%          7
g - Apportation           Tloc           94%        N/A       1%          1
h - Swiftness             Air            89%        N/A       0%          3
m - Mephitic Cloud        Conj/Alch/Air  93%        N/A       1%          3
o - Ozocubu's Armour      Ice            55%        N/A       1%          3
r - Frozen Ramparts       Ice            100%       1d16      1%          3
L - Summon Lightning Spi  Summ/Air       76%        N/A       1%          4
Q - Irradiate             Conj/Alch      41%        3d25      1%          5
Z - Sublimation of Blood  Necr           47%        N/A       1%          2

Your spell library contained the following spells:

 Spells                   Type           Power      Damage    Failure   Level
 Conjure Ball Lightning   Conj/Air       42%        3x3d15    1%          6
 Static Discharge         Conj/Air       100%       3-8/arc   0%          2
 Kiss of Death            Conj/Necr      100%       2d13      1%          1
 Necrotise                Necr           100%       1d9       1%          1
 Sting                    Conj/Alch      100%       1d9       1%          1
 Summon Small Mammal      Summ           100%       N/A       1%          1
 Call Imp                 Summ           100%       N/A       1%          2
 Momentum Strike          Conj/Tloc      100%       3d10      1%          2
 Call Canine Familiar     Summ           61%        N/A       1%          3
 Dazzling Flash           Conj/Hex       100%       N/A       1%          3
 Fugue of the Fallen      Necr           47%        N/A       1%          3
 Stone Arrow              Conj/Erth      100%       3d13      1%          3
 Fulminant Prism          Conj/Alch      41%        3d19      1%          4
 Summon Blazeheart Golem  Fire/Summ      67%        N/A       1%          4
 Dispel Undead            Necr           47%        3d18      4%          4
 Passage of Golubria      Tloc           47%        N/A       4%          4
 Jinxbite                 Hex            42%        N/A       5%          2
 Animate Armour           Summ/Erth      88%        N/A       6%          4
 Confusing Touch          Hex            21%        N/A       11%         3
 Sigil of Binding         Hex            21%        N/A       11%         3
 Tukima's Dance           Hex            21%        N/A       11%         3
 Dimensional Bullseye     Hex/Tloc       17%        N/A       13%         4
 Silence                  Hex/Air        32%        N/A       1%          5
 Yara's Violent Unravell  Hex/Alch       24%        3d11      11%         5
 Curse of Agony           Necr           47%        N/A       13%         5
 Chain Lightning          Conj/Air       42%        3d56      54%         9
 Summon Hydra             Summ           30%        N/A       61%         7
 Lehudib's Crystal Spear  Conj/Erth      28%        10d8      91%         8
 Manifold Assault         Tloc           23%        N/A       98%         7
 Enfeeble                 Hex            10%        N/A       100%        7


Dungeon Overview and Level Annotations

Branches:
Dungeon (15/15)            Temple (1/1) D:5            Lair (5/5) D:11
 Shoals (4/4) Lair:3        Snake (4/4) Lair:2        Slime (0/5) Lair:5
    Orc (2/2) D:12            Elf (3/3) Orc:2        Vaults (0/5) D:14
 Depths (0/4) D:15

Altars:
Ashenzari
Cheibriados
Dithmenos
Elyvilon
Fedhas
Gozag
Hepliaklqana
Kikubaaqudgha
Makhleb
Nemelex Xobeh
Okawaru
Qazlal
Ru
Sif Muna
Trog
Uskayaw
Vehumet
Wu Jian
Xom
Yredelemnul
Zin
The Shining One
Beogh
Jiyva

Shops:
D:6 [   D:14 (((   D:15 **[   Orc:2 [(:*   Snake:1 :

Portals:
Trove: D:12 (lose all piety)

Annotations:
D:7 3 runed translucent doors, aor's ghost, novice OpMo; waagh's ghost, novice MfGl; znke's ghost, novice CoWr
D:14 Frances
D:15 2 transporters, Huckle's ghost, journeyman DEGl; Roxanne
Lair:3 3 runed translucent doors, Dymewolo's ghost, journeyman CoHs
Shoals:2 3 runed translucent doors
Snake:2 1 transporter
Snake:4 Bai Suzhen
Elf:3 Boris


Innate Abilities, Weirdness & Mutations

You have a beak for a mouth.
You have claws for feet.
Your magical flight helps you evade attacks. (EV +4)
You can magically evade attacks while moving or waiting.


Message History

Casting: Fireball (safe; 1% risk of failure)
Confirm with . or Enter, or press ? or * to list all spells.
Aiming: Fireball (safe; 1% risk of failure)
Press: ? - help, Shift-Dir - straight line, f/p - deep elf pyromancer
Aim: a deep elf pyromancer, wielding a +3 long sword and wearing a +0 chain mail (heavily wounded)
The fireball explodes!
The fireball engulfs the deep elf pyromancer!
The deep elf pyromancer is severely wounded.
You feel very sick.
The deep elf pyromancer points at you and mumbles some strange words.
The pyre arrow hits you.
You are covered in intense liquid fire!
You take 3 HP, and have [73/103] HP; You lose 4MP, and have [27/40] MP
Casting: Fireball (safe; 1% risk of failure)
Confirm with . or Enter, or press ? or * to list all spells.
Aiming: Fireball (safe; 1% risk of failure)
Press: ? - help, Shift-Dir - straight line, f/p - deep elf pyromancer
Aim: a deep elf pyromancer, wielding a +3 long sword and wearing a +0 chain mail (severely wounded)
The fireball explodes!
The fireball engulfs the deep elf pyromancer!!
You kill the deep elf pyromancer!
Vehumet accepts your kill. The liquid fire burns you!
You feel sick.
A +3 dire flail of holy wrath comes into view.
You take 10 HP, and have [63/103] HP; You lose 4MP, and have [23/40] MP You shake off some of the fire as you move.
The liquid fire burns you!
You feel sick.
You take 8 HP, and have [55/103] HP You shake off the liquid fire.
You feel sick.
You take 1 HP, and have [54/103] HP You feel sick.
You take 1 HP, and have [53/103] HP You feel sick.
There is an open door here.
You feel sick.
You take 1 HP, and have [52/103] HP You feel sick.
You take 1 HP, and have [51/103] HP You feel sick.
You feel sick.
You are no longer poisoned.
You take 1 HP, and have [50/103] HP You block the +3 dire flail of holy wrath's attack.
The +3 dire flail of holy wrath attacks as it pursues you!
The +3 dire flail of holy wrath hits you!!
The +3 dire flail of holy wrath hits you!!
You die...

#......######.#
#.....## #.#
##...## #.#
##.## #.# ###
#.# #.# #.# #.#
#@# #(# #.# #.#
#.# #.# #.# #.#
##########'##


You could see a +3 dire flail of holy wrath.

Vanquished Creatures
  Mara (Shoals:4)
  Vashnia (Snake:4)
  Nikola (Shoals:2)
  Jorgrun (Snake:3)
  A deep elf blademaster (Elf:3)
  Polyphemus (Shoals:2)
  Kirke (D:12)
  A kraken (Shoals:3)
  14 nagarajas
  Aizul (Snake:1)
  Ilsuiw (Shoals:2)
  A deep elf elementalist (Elf:3)
  Louise (Elf:3)
  An orc warlord (Orc:2)
  A formless jellyfish (Shoals:3)
  2 deep elf demonologists (Elf:3)
  A deep elf death mage (Elf:3)
  2 deep elf annihilators (Elf:3)
  Azrael (Snake:1)
  Snorg (D:14)
  Josephine (D:14)
  6 merfolk impalers
  6 merfolk javelineers
  2 salamander tyrants (Snake:4)
  An ogre mage (Orc:2)
  A vault guard (D:14)
  Fannar (Lair:2)
  Harold (Lair:1)
  5 merfolk avatars
  4 hydras
  5 centaur warriors
  2 catoblepae
  12 anacondas
  5 merfolk aquamancers
  10 dancing weapons
  2 tengu warriors (D:14)
  2 satyrs
  A boulder beetle (D:13)
  4 two-headed ogres
  A deep troll shaman (Lair:5)
  7 death yaks
  20 naga sharpshooters
  19 naga warriors
  3 orc high priests
  8 deep elf knights
  4 shock serpents
  A salamander mystic (Snake:2)
  4 skysharks
  2 mana vipers
  A glowing orange brain (D:14)
  5 naga ritualists
  3 orc knights (Orc:2)
  23 sea snakes
  12 harpies
  2 thermic dynamos (Elf:2)
  2 obsidian bats (Orc:2)
  6 deep elf archers
  A lindwurm (Lair:5)
  10 cyclopes
  18 deep elf pyromancers
  6 deep elf zephyrmancers
  5 ugly things
  13 salamanders
  A wolf spider (D:15)
  An orc sorcerer (Orc:2)
  8 manticores
  4 merfolk sirens
  15 naga magi
  A meliai (D:9)
  7 guardian serpents
  7 elephants
  2 kobold blastminers (Orc:2)
  37 black mambas
  8 cane toads
  8 water nymphs
  A torpor snail (Lair:4)
  An unseen horror (D:11)
  An efreet (D:15)
  2 rime drakes (Lair:1)
  2 yaktaurs (D:15)
  9 komodo dragons
  2 trolls
  3 ice devils (D:10)
  27 merfolk
  Grinder (D:6)
  2 polar bears
  A hornet (D:9)
  25 blink frogs
  7 wind drakes
  13 snapping turtles
  7 dream sheep
  2 shadows
  A culicivora (shapeshifter) (D:15)
  8 water elementals
  6 slime creatures
  3 hogs
  38 yaks
  2 vampires
  8 wraiths
  5 wyverns
  4 fire elementals
  3 wargs
  A steam dragon (D:9)
  3 basilisks
  Menkaure (D:5)
  7 vampire mosquitoes
  42 nagas
  A swamp worm (Lair:3)
  3 hell hounds (Snake:2)
  15 water moccasins
  2 acid dragons
  24 orc warriors
  3 sky beasts
  5 black bears
  An ice beast (D:5)
  7 ogres
  9 wolves
  13 centaurs
  A phantom (D:6)
  A brain worm (shapeshifter) (D:14)
  2 kobold brigands
  7 scorpions
  9 bullfrogs
  2 earth elementals (Elf:2)
  9 wights (D:8)
  7 jellies
  4 killer bees (D:8)
  A vampire bat (Lair:2)
  5 howler monkeys
  A bombardier beetle (D:6)
  A quasit (D:10)
  22 orc priests
  4 hounds
  2 sleepcaps
  3 gnoll boudas
  Natasha (D:3)
  Terence (D:2)
  24 orc wizards
  5 iguanas
  Robin (D:4)
  5 gnolls
  9 adders
  A shadow imp (D:6)
  3 white imps
  3 ufetubi
  2 ribbon worms (D:2)
  6 dart slugs
  52 orcs
  6 ball pythons
  12 bats
  14 endoplasms
  3 giant cockroaches
  19 goblins
  12 hobgoblins
  3 jackals
  14 kobolds
  A quokka (D:4)
  3 frilled lizards
  4 rats
  3 tentacles (Shoals:3)
990 creatures vanquished.

Vanquished Creatures (collateral kills)
  A nagaraja (Snake:4)
  A deep elf elementalist (Elf:3)
  2 orc warlords (Orc:2)
  A merfolk javelineer (Shoals:4)
  2 alligator snapping turtles (Shoals:4)
  5 two-headed ogres (Orc:2)
  A merfolk avatar (Shoals:4)
  5 naga sharpshooters
  2 naga warriors
  2 salamander mystics (Snake:3)
  A sea snake (Shoals:4)
  A mana viper (Snake:3)
  An orc knight (Orc:2)
  A manticore (Shoals:4)
  3 orc sorcerers (Orc:2)
  2 salamanders
  A guardian serpent (Snake:4)
  2 trolls (Orc:2)
  A merfolk (Shoals:3)
  A snapping turtle (Shoals:4)
  2 slime creatures (D:14)
  A water elemental (Shoals:4)
  A wraith (D:14)
  2 vampire mosquitoes (D:14)
  3 nagas
  13 orc warriors (Orc:2)
  An ogre (Orc:2)
  9 orc priests
  5 orc wizards
  11 orcs
84 creatures vanquished.

Vanquished Creatures (others)
  A deep elf zephyrmancer (Elf:2)
  5 tentacles (Shoals:3)
6 creatures vanquished.

Grand Total: 1080 creatures vanquished

Notes
Turn   | Place    | Note
-------+----------+-------------------------------------------
     0 | D:1      | korenl137 the Tengu Air Elementalist began the quest for
                  | the Orb.
     0 | D:1      | Reached XP level 1. HP: 10/10 MP: 4/4
   301 | D:1      | Reached XP level 2. HP: 16/16 MP: 3/6
   304 | D:1      | Learned a level 2 spell: Static Discharge
   774 | D:1      | Reached XP level 3. HP: 20/20 MP: 5/7
   778 | D:1      | Learned a level 3 spell: Swiftness
  1459 | D:2      | Found an ornate altar of the Wu Jian Council.
  1880 | D:2      | Noticed Terence
  1888 | D:2      | Killed Terence
  1889 | D:2      | Reached skill level 1 in Fighting
  1889 | D:2      | Reached XP level 4. HP: 17/25 MP: 0/9
  2713 | D:3      | Reached skill level 5 in Air Magic
  3338 | D:3      | Identified the +1 sling of the Hidden Lives {freeze, rPois
                  | rF+ Str-4 Int+2}
  3509 | D:3      | Noticed Natasha
  3514 | D:3      | Killed Natasha
  3515 | D:3      | Reached skill level 3 in Spellcasting
  3515 | D:3      | Reached XP level 5. HP: 29/29 MP: 4/10
  3608 | D:3      | Reached skill level 3 in Dodging
  3887 | D:4      | Learned a level 4 spell: Airstrike
  4123 | D:4      | Found an iron altar of Okawaru.
  4171 | D:4      | Noticed a water moccasin
  4177 | D:4      | Killed a water moccasin
  4178 | D:4      | Reached skill level 3 in Stealth
  4178 | D:4      | Reached skill level 3 in Conjurations
  4178 | D:4      | Reached XP level 6. HP: 30/34 MP: 3/12
  4313 | D:4      | Found a burning altar of Makhleb.
  4319 | D:4      | Noticed Robin
  4329 | D:4      | Killed Robin
  4396 | D:4      | Reached skill level 6 in Air Magic
  4746 | D:4      | Gained mutation: Your magical flight helps you evade
                  | attacks. (EV +4) [Tengu growth]
  4746 | D:4      | Reached XP level 7. HP: 33/38 MP: 8/13
  5224 | D:5      | Entered Level 5 of the Dungeon
  5430 | D:5      | Reached skill level 1 in Shields
  5515 | D:5      | Noticed Menkaure
  5542 | D:5      | Killed Menkaure
  5617 | D:5      | Reached skill level 7 in Air Magic
  5675 | D:4      | Reached XP level 8. HP: 17/43 MP: 6/15
  6039 | D:5      | Found a staircase to the Ecumenical Temple.
  6574 | D:6      | Noticed Grinder
  6735 | D:6      | Paralysed by Grinder for 4 turns
  6745 | D:6      | Killed Grinder
  6746 | D:6      | Reached skill level 8 in Air Magic
  6906 | D:6      | Reached XP level 9. HP: 47/47 MP: 5/18
  7440 | D:6      | Found Reryn Pitat's Armour Emporium.
  7444 | D:6      | Reached skill level 3 in Shields
  7747 | D:6      | Reached skill level 6 in Spellcasting
  7889 | D:6      | Learned a level 3 spell: Mephitic Cloud
  8000 | D:6      | Reached skill level 9 in Air Magic
  8104 | D:7      | Found a runed translucent gate.
  8105 | D:7      | Found a runed translucent gate.
  8260 | D:7      | Identified the +2 battleaxe of Muygrav {antimagic, Dex+3}
  8268 | D:7      | Found a runed translucent gate.
  8269 | D:7      | Noticed aor's ghost (novice OpMo)
  8269 | D:7      | Noticed znke's ghost (novice CoWr)
  8269 | D:7      | Noticed waagh's ghost (novice MfGl)
  8526 | D:7      | Found a sacrificial altar of Ru.
  8735 | Temple   | Entered the Ecumenical Temple
  8836 | D:7      | Reached skill level 1 in Alchemy
  8998 | D:7      | Found a glowing silver altar of Zin.
  9217 | D:8      | Reached skill level 6 in Conjurations
  9757 | D:8      | Reached XP level 10. HP: 36/52 MP: 16/21
  9759 | D:8      | Reached skill level 6 in Dodging
  9825 | D:8      | Found a hide-covered altar of Uskayaw.
  9839 | D:8      | Reached skill level 10 in Air Magic
 10112 | D:8      | Found a sparkling altar of Nemelex Xobeh.
 10158 | D:8      | Reached skill level 6 in Stealth
 10456 | D:8      | Found an ornate altar of the Wu Jian Council.
 10812 | D:9      | Found a radiant altar of Vehumet.
 10827 | D:9      | Became a worshipper of Vehumet
 10957 | D:9      | You are sucked into a shaft and drop 2 floors!
 11044 | D:10     | Entered Level 10 of the Dungeon
 11361 | D:9      | Found a hazy altar of Hepliaklqana.
 11933 | D:9      | Noticed a two-headed ogre
 11957 | D:9      | Killed a two-headed ogre
 11958 | D:9      | Reached skill level 1 in Armour
 12258 | D:9      | Noticed a meliai
 12269 | D:9      | Reached skill level 11 in Air Magic
 13038 | D:10     | Reached skill level 3 in Alchemy
 13274 | D:10     | Noticed a two-headed ogre
 13690 | D:10     | Reached XP level 11. HP: 56/56 MP: 23/23
 13710 | D:10     | Killed a two-headed ogre
 14415 | D:10     | Reached skill level 3 in Armour
 14603 | D:10     | Learned a level 2 spell: Sublimation of Blood
 15156 | D:11     | Reached skill level 1 in Necromancy
 15156 | D:11     | Reached skill level 12 in Air Magic
 15162 | D:11     | Noticed a cyclops
 15304 | D:11     | Identified the +7 short sword of Gluttony {heavy, Dex+4}
 15346 | D:11     | Noticed a cyclops
 15355 | D:11     | Killed a cyclops
 15585 | D:11     | Killed a cyclops
 15764 | D:11     | Reached * piety under Vehumet
 15764 | D:11     | Offered knowledge of Sandblast by Vehumet.
 15834 | D:11     | Identified the ring of Imuneoc {Fly Int+3}
 15996 | D:11     | Found a shadowy altar of Dithmenos.
 16310 | D:11     | Found a staircase to the Lair.
 16314 | D:11     | Identified the +0 robe of Gluttony {Harm rCorr}
 16612 | D:12     | Noticed a two-headed ogre
 16616 | D:12     | Killed a two-headed ogre
 16709 | D:12     | Reached skill level 9 in Spellcasting
 16991 | D:12     | Reached XP level 12. HP: 60/60 MP: 17/26
 17087 | D:12     | Reached skill level 3 in Necromancy
 17244 | D:12     | Noticed Kirke
 17337 | D:12     | Reached skill level 13 in Air Magic
 17824 | D:12     | Found a portal to a secret trove of treasure.
 17843 | D:12     | Found a staircase to the Orcish Mines.
 18028 | D:12     | Reached skill level 9 in Conjurations
 18028 | D:12     | Killed Kirke
 18683 | Lair:1   | Entered Level 1 of the Lair of Beasts
 18762 | Lair:1   | Noticed Harold
 18780 | Lair:1   | Killed Harold
 19453 | Lair:4   | Offered knowledge of Mercury Vapours by Vehumet.
 19614 | Lair:4   | Reached ** piety under Vehumet
 19615 | Lair:4   | Reached skill level 14 in Air Magic
 19643 | Lair:4   | Noticed a skyshark
 19648 | Lair:4   | Killed a skyshark
 20034 | Lair:4   | Noticed a death yak
 20355 | Lair:4   | Killed a death yak
 20528 | Lair:4   | Reached skill level 6 in Armour
 20528 | Lair:4   | Reached XP level 13. HP: 36/64 MP: 16/28
 20638 | Lair:5   | Entered Level 5 of the Lair of Beasts
 20773 | Lair:5   | Reached skill level 9 in Dodging
 21980 | Lair:5   | Offered knowledge of Hailstorm by Vehumet.
 21981 | Lair:5   | Reached skill level 15 in Air Magic
 22141 | Lair:5   | Found a viscous altar of Jiyva.
 22141 | Lair:5   | Found a staircase to the Slime Pits.
 22230 | Lair:5   | Reached *** piety under Vehumet
 23308 | Lair:5   | Reached skill level 3 in Fighting
 23878 | Lair:4   | Offered knowledge of Frozen Ramparts by Vehumet.
 23884 | Lair:4   | Learned a level 3 spell: Frozen Ramparts
 24220 | Lair:5   | Noticed a dire elephant
 24384 | Lair:5   | Identified the +5 orcbow of Fuidaech {freeze, rN+}
 24647 | Lair:4   | Reached skill level 1 in Ice Magic
 25128 | Lair:3   | Reached XP level 14. HP: 74/74 MP: 17/30
 25373 | Lair:3   | Reached skill level 16 in Air Magic
 25553 | Lair:3   | Found a runed translucent gate.
 25553 | Lair:3   | Found a runed translucent gate.
 25553 | Lair:3   | Noticed Dymewolo's ghost (journeyman CoHs)
 25557 | Lair:3   | Found a runed translucent gate.
 25710 | Lair:3   | Reached **** piety under Vehumet
 25888 | Lair:3   | Found a staircase to the Shoals.
 25972 | Lair:3   | Offered knowledge of Lee's Rapid Deconstruction by Vehumet.
 26434 | Lair:3   | Identified the +1 leather armour of Filth {Stlth+}
 26691 | Lair:2   | Noticed Fannar
 27172 | Lair:2   | Killed Fannar
 28103 | Lair:2   | Found a staircase to the Snake Pit.
 28528 | Lair:1   | Learned a level 4 spell: Summon Lightning Spire
 28530 | Lair:1   | Learned a level 1 spell: Apportation
 28534 | Lair:1   | Learned a level 3 spell: Ozocubu's Armour
 29052 | Orc:1    | Entered Level 1 of the Orcish Mines
 29345 | Orc:1    | You are sucked into a shaft and drop 1 floor!
 29345 | Orc:2    | Entered Level 2 of the Orcish Mines
 29416 | Orc:2    | Found a roughly hewn altar of Beogh.
 29445 | Orc:2    | Reached ***** piety under Vehumet
 29445 | Orc:2    | Offered knowledge of Sticky Flame by Vehumet.
 29534 | Orc:2    | Reached skill level 1 in Summonings
 30110 | Orc:1    | Found a bloodstained altar of Trog.
 30358 | Orc:2    | Found a staircase to the Elven Halls.
 30468 | Orc:2    | Reached skill level 3 in Ice Magic
 30469 | Orc:2    | Reached skill level 1 in Translocations
 30594 | Orc:2    | Reached skill level 12 in Spellcasting
 30716 | Orc:2    | Noticed an orc warlord
 30743 | Orc:2    | Killed an orc warlord
 30902 | Orc:2    | Found a roughly hewn altar of Beogh.
 30923 | Orc:2    | Found Hehyllahy's Antique Weapon Shoppe.
 30948 | Orc:2    | Found Byanoif's Book Shoppe.
 31003 | Orc:2    | Noticed an orc warlord
 31020 | Orc:2    | Offered knowledge of Arcjolt by Vehumet.
 31021 | Orc:2    | Killed an orc warlord
 31032 | Orc:2    | Reached skill level 17 in Air Magic
 31039 | Orc:2    | Learned a level 5 spell: Arcjolt
 31305 | Orc:2    | Reached skill level 12 in Conjurations
 31305 | Orc:2    | Reached XP level 15. HP: 80/80 MP: 21/32
 31400 | Orc:2    | Reached skill level 3 in Summonings
 31583 | Orc:2    | Found a roughly hewn altar of Beogh.
 31616 | Orc:2    | Noticed an orc warlord
 31624 | Orc:2    | Killed an orc warlord
 31720 | Orc:2    | Found Saiqeybi's Antique Armour Shoppe.
 31726 | Orc:2    | Bought a shimmering cloak for 256 gold pieces
 31726 | Orc:2    | Identified the +1 cloak "Lyenny" {Will+ Int+5} (You bought
                  | it in a shop on level 2 of the Orcish Mines)
 31746 | Orc:2    | Found Acicroro's General Store.
 31754 | Orc:2    | Bought a scroll of noise for 18 gold pieces
 31754 | Orc:2    | Bought a scroll of fog for 72 gold pieces
 31754 | Orc:2    | Bought a scroll of enchant armour for 135 gold pieces
 32500 | D:14     | Found Ikoler's Antique Weapon Shoppe.
 32525 | D:14     | Found Moixumy Puri's Antique Weapon Boutique.
 32686 | D:14     | Found a gate to the Vaults.
 32727 | D:14     | Noticed Frances
 32963 | D:14     | Reached skill level 3 in Translocations
 32992 | D:14     | Found Cygy's Weapon Shop.
 32993 | D:14     | Noticed Snorg
 33009 | D:14     | Killed Snorg
 33124 | D:14     | Noticed Josephine
 33178 | D:14     | Killed Josephine
 33509 | D:15     | Entered Level 15 of the Dungeon
 33587 | D:15     | Found a transporter.
 33598 | D:15     | Noticed Roxanne
 33609 | D:15     | Found a transporter.
 33621 | D:15     | Noticed Huckle's ghost (journeyman DEGl)
 33674 | D:15     | Got the Elucidation of Conflict
 33689 | D:15     | Learned a level 5 spell: Fireball
 33902 | D:15     | Found Loics's Specific Store.
 33907 | D:15     | Found Xukuy's General Store.
 33974 | D:15     | Found a staircase to the Depths.
 33992 | D:15     | Reached skill level 1 in Fire Magic
 34062 | D:15     | Found Zyat's Armour Boutique.
 34438 | D:9      | Identified the +3 spear of the Protecting Gods {antimagic,
                  | rElec rPois Str+3}
 34580 | Shoals:1 | Entered Level 1 of the Shoals
 34619 | Shoals:1 | Offered knowledge of Plasma Beam by Vehumet.
 34857 | Shoals:2 | Noticed Ilsuiw
 34889 | Shoals:2 | Found a runed translucent gate.
 34889 | Shoals:2 | Noticed a frost giant
 34889 | Shoals:2 | Noticed a frost giant
 34890 | Shoals:2 | Found a runed translucent gate.
 34891 | Shoals:2 | Found a runed translucent gate.
 34891 | Shoals:2 | Noticed a frost giant
 34996 | Shoals:2 | Reached skill level 6 in Ice Magic
 35248 | Shoals:4 | Entered Level 4 of the Shoals
 35300 | Shoals:4 | Reached skill level 3 in Fire Magic
 35300 | Shoals:4 | Reached XP level 16. HP: 88/88 MP: 34/34
 35305 | Shoals:4 | Noticed Mara
 35341 | Shoals:4 | Killed Mara
 35423 | Shoals:4 | Reached skill level 6 in Fighting
 35886 | Shoals:4 | Found a shadowy altar of Dithmenos.
 36123 | Shoals:4 | Offered knowledge of Starburst by Vehumet.
 36128 | Shoals:4 | Reached skill level 12 in Dodging
 36134 | Shoals:4 | Reached skill level 6 in Fire Magic
 36147 | Shoals:4 | Got an azure gem with 257 turns to spare
 36149 | Shoals:4 | Got a barnacled rune of Zot
 36200 | Shoals:4 | Got Cerebov's Compilation of Striking
 36722 | Shoals:3 | Noticed a kraken
 36735 | Shoals:3 | Killed a kraken
 36986 | Shoals:3 | Paralysed by a formless jellyfish for 1 turns
 37390 | Shoals:2 | Reached XP level 17. HP: 93/93 MP: 17/36
 37390 | Shoals:2 | Noticed Polyphemus
 37562 | Shoals:2 | Noticed Nikola
 37664 | Shoals:2 | Killed Ilsuiw
 37941 | Shoals:2 | Killed Polyphemus
 38044 | Shoals:2 | Killed Nikola
 38152 | Shoals:1 | Reached skill level 18 in Air Magic
 38490 | Shoals:1 | Offered knowledge of Spellforged Servitor by Vehumet.
 38961 | Shoals:1 | Learned a level 7 spell: Spellforged Servitor
 39103 | Snake:1  | Entered Level 1 of the Snake Pit
 39222 | Snake:2  | Noticed Azrael
 39670 | Snake:1  | Killed Azrael
 39824 | Snake:2  | Reached skill level 9 in Fire Magic
 40138 | Snake:3  | Noticed Jorgrun
 40154 | Snake:3  | Killed Jorgrun
 40317 | Snake:4  | Entered Level 4 of the Snake Pit
 40332 | Snake:4  | Reached skill level 6 in Summonings
 40334 | Snake:4  | Reached ****** piety under Vehumet
 40335 | Snake:4  | Reached skill level 15 in Spellcasting
 40341 | Snake:4  | Reached XP level 18. HP: 45/98 MP: 26/38
 40351 | Snake:3  | Offered knowledge of Ozocubu's Refrigeration by Vehumet.
 40806 | Snake:4  | Noticed Bai Suzhen
 41376 | Snake:3  | Identified the +4 ring mail of Optimism {rC+ Int+5}
 41908 | Snake:4  | Noticed Vashnia
 43374 | Snake:4  | Got a serpentine rune of Zot
 44043 | Snake:4  | Reached skill level 19 in Air Magic
 44835 | Snake:4  | Killed Vashnia
 45106 | Snake:2  | Offered knowledge of Conjure Ball Lightning by Vehumet.
 45148 | Snake:2  | Learned a level 5 spell: Irradiate
 45265 | Snake:2  | Reached XP level 19. HP: 82/103 MP: 28/39
 45575 | Snake:2  | Found a radiant altar of Vehumet.
 45580 | Snake:2  | Found a transporter.
 45684 | Snake:2  | Identified the ring "Cetul" {rF+ rC+ rN+ Dex+2}
 46121 | Snake:1  | Identified the serpent talisman "Damnable Contraption"
                  | {Will++}
 46121 | Snake:1  | Noticed Aizul
 46131 | Snake:1  | Killed Aizul
 46233 | Snake:1  | Reached skill level 12 in Fire Magic
 46490 | Snake:1  | Found Itih's Book Shop.
 47010 | Elf:1    | Entered Level 1 of the Elven Halls
 47099 | Elf:2    | Found an ancient bone altar of Kikubaaqudgha.
 47134 | Elf:2    | Reached skill level 15 in Conjurations
 47171 | Elf:3    | Entered Level 3 of the Elven Halls
 47359 | Elf:3    | Noticed Louise
 47371 | Elf:3    | Identified the +4 robe of the King of the Hill {rF+ rC+}
 47371 | Elf:3    | Noticed Boris
 47574 | Elf:3    | Killed Louise
 48372 | Elf:3    | Identified the +2 quarterstaff "Atsuoger" {drain, rF+
                  | rCorr}
 48727 | Elf:1    | Slain by a +3 dire flail of holy wrath

Illustrated notes

Levels and vault maps discovered:
D:1:      saegor_arrival_miasma, layout_basic, nicolae_titane
D:2:      cheibrodos_old_hovel, layout_loops_ring, basic_altar,
          chequers_serial_rivers_micro_e, grunt_ministairs_5,
          amcnicky_mini_pool_small, uniq_terence
D:3:      minmay_angry_zag, layout_basic, kennysheep_generic_room_14,
          uniq_natasha
D:4:      layout_basic, mainiacjoe_overflow_alcove_1, minmay_ruined_shrine,
          uniq_robin
D:5:      layout_rooms, minmay_temple_entry_poolview, uniq_menkaure
D:6:      minmay_razor_zed, layout_loops_ring, serial_shops, shop, uniq_grinder
D:7:      layout_rooms, mainiacjoe_overflow_paths,
          nicolae_ru_great_annihilating_truth, gammafunk_ghost_cemetery
D:8:      cheibrodos_quashed, layout_layer_cave, mainiacjoe_overflow_24_doors,
          pdpol_wu_jian_five_deadly_venoms, nemelex_spade_bored_becter
D:9:      layout_basic, nicolae_hepliaklqana_hippocampus,
          mainiacjoe_overflow_boulevard, onia_ninara_dug_in_and_dangerous
D:10:     layout_loops_ring, serial_demonic, serial_demonic_e, serial_demonic_f,
          serial_demonic_b, serial_demonic_e, hangedman_decor_peaks_small
D:11:     layout_roguey, due_lair_maze_entry_diamond,
          nicolae_dithmenos_shadow_blocks
D:12:     layout_big_octagon, orc_0_dummy, nicolae_trove_entry_crossroad,
          uniq_kirke
D:13:     layout_rooms
D:14:     layout_gridville, hellmonk_vaults_order_and_chaos, serial_shops,
          nicolae_shop_pleasant_corner_grove, shop, shop, uniq_josephine,
          uniq_snorg, uniq_frances
D:15:     hangedman_depths_entry_try_elsewhere_first, layout_cave_pools,
          serial_shops, nicolae_lakefront_shop, gammafunk_ghost_hive,
          serial_library_hellmonk_angled_corner, nicolae_specific_store,
          uniq_roxanne
Temple:   nicolae_temple_superstar
Lair:1:   layout_long_grid, serial_bayou_shore_b, uniq_harold
Lair:2:   layout_long_grid, minmay_snake_entry_guardpost_medium,
          roderic_batcave, serial_bayou_lake_a, uniq_fannar
Lair:3:   layout_regular_city, minmay_shoals_entry_centaurs,
          gammafunk_ghost_split, worms_lemuel, grunt_megastairs_5
Lair:4:   layout_concentric_octagons
Lair:5:   grunt_lair_end_beastmaster, layout_loops_ring,
          nicolae_slime_entry_slimehenge, infiniplex_staircase_pool_2
Shoals:1: layout_shoals
Shoals:2: layout_shoals, nicolae_shoals_beach_cooler, uniq_ilsuiw,
          uniq_polyphemus, uniq_nikola
Shoals:3: layout_shoals
Shoals:4: shoals_end_hangedman, layout_shoals, lemuel_altar_in_water, uniq_mara
Snake:1:  layout_misc_corridors, minmay_shop_star, grunt_megastairs_2,
          uniq_aizul
Snake:2:  gammafunk_sealed_library, layout_honeycomb, uniq_azrael
Snake:3:  layout_misc_corridors, uniq_jorgrun
Snake:4:  grunt_snake_rune_spirals, layout_onion_interference,
          serial_bayou_shore_a, uniq_vashnia, uniq_bai_suzhen
Orc:1:    layout_caves, trog_butcher_becter
Orc:2:    grunt_orc_cross, layout_caves, basic_altar, minmay_orc_temple_c
Elf:1:    minmay_elf_arrival_circle, layout_gridlike, nicolae_elf_altarnating,
          grunt_megastairs_4
Elf:2:    nicolae_elf_blades_crystal_corner, layout_loops_ring, basic_altar,
          serial_shops, nicolae_shop_trees
Elf:3:    grunt_elf_hall_diamonds, layout_loops_cross, st_stairs_13, uniq_boris,
          uniq_louise

Skill      XL: |  1  2  3  4  5  6  7  8  9 10 11 12 13 14 15 16 17 18 19 |
---------------+----------------------------------------------------------+-----
Fighting       | 1 3 4 5 6 |  6.0
Conjurations   | 2 3 4 5 6 7 8 9 11 12 13 14 15 | 15.3
Air Magic      | 5 6 7 8 9 11 12 14 15 17 18 19 | 19.5
Spellcasting   | 3 4 5 6 7 9 10 11 12 13 14 15 16 | 16.4
Dodging        | 3 4 5 6 7 8 9 10 11 12 13 14 | 14.5
Stealth        | 3 4 5 6 7 |  7.0
Shields        | 1 2 3 |  3.0
Alchemy        | 1 3 4 |  4.3
Armour         | 2 4 6 7 |  7.0
Necromancy     | 2 4 5 |  5.0
Ice Magic      | 1 4 6 7 |  7.0
Summonings     | 2 5 6 7 8 |  8.9
Translocations | 2 3 5 |  5.0
Fire Magic     | 3 7 9 11 12 | 12.7

Action                     |  1- 3 |  4- 6 |  7- 9 | 10-12 | 13-15 | 16-18 | 19-21 || total
---------------------------+-------+-------+-------+-------+-------+-------+-------++-------
  Melee: Unarmed           |     4 |       |       |    18 |       |       |       ||    22
         Kick              |     3 |     1 |       |    12 |    36 |    35 |     1 ||    88
         Dagger            |     5 |     1 |     3 |     2 |       |       |       ||    11
         Peck              |     2 |       |       |     5 |    18 |    15 |     1 ||    41
         Staff             |       |       |       |    14 |    56 |    53 |     5 ||   128
         Short sword       |       |       |       |     6 |     8 |     8 |       ||    22
  Throw: Throwing net      |       |       |       |       |     2 |     3 |       ||     5
         Dart              |       |       |       |       |     1 |     3 |     1 ||     5
   Cast: Shock             |    75 |   126 |   174 |   124 |   521 |   116 |     5 ||  1141
         Static Discharge  |     1 |    12 |    32 |    91 |   119 |       |       ||   255
         Airstrike         |       |       |    24 |   208 |   360 |   125 |    21 ||   738
         Swiftness         |       |       |     2 |    11 |    13 |     6 |     3 ||    35
         Mephitic Cloud    |       |       |       |     6 |    92 |    20 |    11 ||   129
         Frozen Ramparts   |       |       |       |       |     1 |    34 |    14 ||    49
         Summon Lightning  |       |       |       |       |    36 |    38 |     6 ||    80
         Arcjolt           |       |       |       |       |    65 |   225 |    83 ||   373
         Ozocubu's Armour  |       |       |       |       |     2 |    55 |    16 ||    73
         Fireball          |       |       |       |       |     1 |   209 |    50 ||   260
         Irradiate         |       |       |       |       |       |       |    10 ||    10
         Spellforged Servi |       |       |       |       |       |       |     1 ||     1
  Evoke: Wand              |     2 |     5 |     2 |    11 |    14 |       |     4 ||    38
         Phantom mirror    |       |       |       |       |       |     1 |     1 ||     2
         Tin of tremorston |       |       |       |       |       |       |     2 ||     2
    Use: Scroll            |       |       |     4 |     2 |    15 |     9 |     8 ||    38
         Potion            |       |       |       |     4 |     1 |     5 |     5 ||    15
   Stab: Sleeping          |       |       |     1 |     1 |     3 |     1 |     1 ||     7
         Confused          |       |       |       |       |     2 |       |       ||     2
         Held in net/web   |       |       |       |       |       |     1 |       ||     1
 Armour: Robe              |     3 |    16 |    69 |   183 |       |   188 |    77 ||   536
         Skin              |       |       |       |    18 |       |       |       ||    18
         Troll leather arm |       |       |       |       |   373 |    88 |       ||   461
  Dodge: Dodged            |    21 |     7 |    51 |   241 |   536 |   543 |   138 ||  1537
  Block: Buckler           |       |       |    12 |    15 |   120 |   103 |    22 ||   272

Table legend: (Time is in decaauts)
 A = Elapsed time spent in this place.
 B = Non-inter-level travel time spent in this place.
 C = Inter-level travel time spent in this place.
 D = Time resting spent in this place.
 E = Time spent auto-exploring this place.
 F = Levels seen in this place.
 G = Mean time per level.
                   A        B        C        D        E       F      G
               +--------+--------+--------+--------+--------+-----+--------+
         Total |  48734 |  46285 |   2449 |   9115 |  27851 |  34 | 1433.4 |
       Dungeon |  21776 |  20537 |   1239 |   3044 |  14763 |  15 | 1451.7 |
        Temple |     31 |      1 |     30 |      0 |      0 |   1 |   31.0 |
          Lair |  10589 |  10017 |    572 |   2280 |   5284 |   5 | 2117.8 |
        Shoals |   4367 |   4154 |    213 |    427 |   2253 |   4 | 1091.8 |
     Snake Pit |   7714 |   7440 |    274 |   2533 |   3480 |   4 | 1928.5 |
  Orcish Mines |   2540 |   2451 |     89 |      0 |   1798 |   2 | 1270.0 |
   Elven Halls |   1715 |   1685 |     30 |    830 |    273 |   3 |  571.7 |
               +--------+--------+--------+--------+--------+-----+--------+

Top non-repeatable levels by time:
  Lair:5: 3054 daAuts
 Snake:4: 3018 daAuts
    D:11: 2572 daAuts
  Lair:4: 2369 daAuts
  Lair:3: 2327 daAuts
    D:10: 2222 daAuts
     D:9: 2111 daAuts
 Snake:3: 1929 daAuts
   Orc:2: 1910 daAuts
     D:6: 1692 daAuts
    D:12: 1636 daAuts
  Lair:2: 1614 daAuts
     D:8: 1549 daAuts
 Snake:1: 1521 daAuts
     D:3: 1460 daAuts
